 Dungeon Crawl Stone Soup version 0.29-a0-8-g0446c0dae4 (webtiles) character file.

Game seed: 15423161488043884973

58 testman the Ruffian (level 3, -2/36 HPs)
             Began as a Troll Monk on Jan 27, 2022.
             Was a Priest of Sif Muna.
             Slain by Crazy Yiuf (13 damage)
             ... on level 2 of the Dungeon.
             The game lasted 00:03:02 (917 turns).

testman the Ruffian (Troll Monk)                     Turns: 917, Time: 00:03:02

Health: -2/36      AC:  4    Str: 19    XL:     3   Next: 75%
Magic:  2/2        EV: 10    Int:  8    God:    Sif Muna [***...]
Gold:   73         SH:  0    Dex: 12    Spells: 3/3 levels left

rFire   . . .      SeeInvis .     - Unarmed
rCold   . . .      Faith    .   (no shield)
rNeg    . . .      Spirit   .   a - +0 robe
rPois   .          Reflect  .   (helmet restricted)
rElec   .          Harm     .   (no cloak)
rCorr   .          Rampage  .   (gloves unavailable)
Will    .....                   (boots unavailable)
Stlth   ++........              (no amulet)
HPRegen 0.92/turn               (no ring)
MPRegen 0.08/turn               (no ring)

@: flying, hasted, very quick
A: large, unfitting armour, claws 3, regeneration 1, shaggy fur 1, tough skin 1
a: Renounce Religion, Channel Magic, Forget Spell


You were on level 2 of the Dungeon.
You worshipped Sif Muna.
Sif Muna was most pleased with you.
You visited 1 branch of the dungeon, and saw 2 of its levels.

You collected 73 gold pieces.

Inventory:

Missiles
 b - 4 boomerangs (quivered)
 d - 24 stones
Armour
 a - a +0 robe (worn)
Scrolls
 c - a scroll of identify {unknown}
 e - 2 scrolls of fog {unknown}


   Skills:
 + Level 2.9 Fighting
 - Level 2.4 Dodging
 - Level 1.0 Stealth
 + Level 3.6 Unarmed Combat
 + Level 0.5 Spellcasting
 + Level 1.2 Invocations


You had 3 spell levels left.
You didn't know any spells.
Your spell library contained the following spells:

 Spells                   Type           Power      Damage    Failure   Level
 Ozocubu's Armour         Ice            0%         N/A       77%         3
 Ozocubu's Refrigeration  Ice            0%         4d5       100%        7
 Borgnjor's Revivificati  Necr           0%         N/A       100%        8
 Necromutation            Tmut/Necr      0%         N/A       100%        8
 Death's Door             Necr           0%         N/A       100%        9


Dungeon Overview and Level Annotations

Branches:
Dungeon (2/15)

Altars:
Sif Muna

Annotations:
D:2 Crazy Yiuf, Sigmund


Innate Abilities, Weirdness & Mutations

You are too large for most types of armour.
You have claws for hands.
Your natural rate of healing is unusually fast.
You are covered in fur. (AC +1)
You have tough skin. (AC +1)


Message History

Found a mace.
Found a runed translucent door.
As you open the door, it creaks loudly!
Crazy Yiuf shouts!
Crazy Yiuf sings, "Trees, trees, trees, circus!"
Sigmund whispers, "You'll know eternity soon."
Sigmund hits you from afar with a +0 scythe!
There is an open translucent door here.
You scratch Sigmund.
Sigmund is lightly wounded.
Sigmund hits you with a +0 scythe.
Crazy Yiuf hits you with a +4 quarterstaff of chaos!
You feel yourself speed up.
You are too injured to fight recklessly!
You are too injured to fight recklessly!
You are too injured to fight recklessly!
You are too injured to fight recklessly!
You are too injured to fight recklessly!
Sigmund gestures at you while chanting. The puff of flame hits you!
* * * LOW HITPOINT WARNING * * *
It was a potion of curing.
You feel better.
It was a potion of flight.
You feel very buoyant.
You fly up into the air.
You scratch Crazy Yiuf.
Crazy Yiuf is lightly wounded.
You scratch Crazy Yiuf but do no damage.
You claw Crazy Yiuf.
Crazy Yiuf is moderately wounded.
Crazy Yiuf hits you with a +4 quarterstaff of chaos!
Crazy Yiuf freezes you.
* * * LOW HITPOINT WARNING * * *
You barely miss Crazy Yiuf.
Crazy Yiuf is moderately wounded.
You scratch Crazy Yiuf.
Crazy Yiuf is severely wounded.
Crazy Yiuf barely misses you.
You closely miss Crazy Yiuf.
Crazy Yiuf is severely wounded.
Crazy Yiuf hits you with a +4 quarterstaff of chaos!
You die...

#.# +....# #.#
#....# #.##
###..# #..# #..#
##.# #..# #.###♣♣
#### #..#
#...#P♣♣ ♣♣#..)#
#..#
#....P.♣♣♣♣@'...#
#..#
##.....@♣.g♣#...#
#..###
##.#P.♣g♣♣♣ ####
###... ###♣♣♣♣♣
#.## #.# #.# #.#
#.# #.## #...


You could see Crazy Yiuf.

Vanquished Creatures
  3 adders (D:2)
  3 worms (D:2)
  An endoplasm (D:1)
  2 goblins (D:1)
  A hobgoblin (D:1)
  3 kobolds
  8 ball pythons
  3 bats
  A frilled lizard (D:2)
  A rat (D:2)
26 creatures vanquished.

Notes
Turn   | Place    | Note
-------+----------+-------------------------------------------
     0 | D:1      | testman the Troll Monk began the quest for the Orb.
     0 | D:1      | Reached XP level 1. HP: 22/22 MP: 0/0
    88 | D:1      | Found a faded altar of an unknown god.
    93 | D:1      | Prayed at the altar of an unknown god.
    93 | D:1      | Became a worshipper of Sif Muna the Loreminder
    93 | D:1      | Reached * piety under Sif Muna
    93 | D:1      | Reached ** piety under Sif Muna
   197 | D:1      | Reached XP level 2. HP: 29/29 MP: 1/1
   388 | D:1      | Reached *** piety under Sif Muna
   608 | D:2      | Reached skill level 1 in Invocations
   608 | D:2      | Reached XP level 3. HP: 36/36 MP: 2/2
   899 | D:2      | Found a runed translucent door.
   900 | D:2      | Noticed Crazy Yiuf
   902 | D:2      | Noticed Sigmund
   917 | D:2      | Slain by Crazy Yiuf

Illustrated notes

Levels and vault maps discovered:
D:1:      minmay_arrival_radiant_lines, layout_basic,
          ebering_ecumenical_altar_webs
D:2:      layout_basic, uniq_crazy_yiuf_cottage, uniq_sigmund

Skill      XL: |  1  2 |
---------------+-------+-----
Invocations    | 1 |  1.2
Fighting       | |  2.9
Dodging        | |  2.4
Stealth        | |  1.0
Unarmed Combat | |  3.6
Spellcasting   | |  0.5

Action                   || total
-------------------------++-------
Melee: Unarmed           ||    71
       Punch             ||     1
  Use: Potion            ||     2
 Stab: Sleeping          ||     2
Armor: Robe              ||    13
Dodge: Dodged            ||    30

Table legend: (Time is in decaauts)
 A = Elapsed time spent in this place.
 B = Non-inter-level travel time spent in this place.
 C = Inter-level travel time spent in this place.
 D = Time resting spent in this place.
 E = Time spent auto-exploring this place.
 F = Levels seen in this place.
 G = Mean time per level.
                   A        B        C        D        E       F      G
               +--------+--------+--------+--------+--------+-----+--------+
         Total |    908 |    874 |     34 |      0 |    684 |   2 |  454.0 |
       Dungeon |    908 |    874 |     34 |      0 |    684 |   2 |  454.0 |
               +--------+--------+--------+--------+--------+-----+--------+

Top non-repeatable levels by time:
     D:2: 470 daAuts
     D:1: 438 daAuts
